| TOP OF THE 1ST |
|
Boise Hawks batting - Pitching for Cincinnati (NYP) Reds : RHP Gilbert Paparelli
|
|
Pitching: RHP Gilbert Paparelli
|
|
|
Batting: SHB Clayton Saunders
|
0-0: Ball 1-0: Ball 2-0: DOUBLE (Line Drive, 9LS, EV 103.1 MPH)
|
|
Batting: RHB Ryan Ward
|
0-0: Ball 1-0: Ball 2-0: Ground out U3 (Groundball, 34S, EV 83.1 MPH) Clayton Saunders to third
|
|
Batting: RHB Andy Rayer
|
0-0: Ball 1-0: Hit by Pitch
|
|
Batting: RHB Dan Hoffman
|
0-0: Ground out 6-3 (Groundball, 6S, EV 60.6 MPH) Clayton Saunders scores Andy Rayer to second
|
|
Batting: RHB Keith Giarratano
|
0-0: Ball 1-0: Ball 2-0: Foul Ball, location: 2F 2-1: Ball 3-1: Ground out 6-3 (Groundball, P, EV 88.8 MPH)
|
| Top of the 1st over - 1 run, 1 hit, 0 errors, 1 left on base; Boise 1 - Cincinnati (NYP) 0 |
| BOTTOM OF THE 1ST |
|
Cincinnati (NYP) Reds batting - Pitching for Boise Hawks : RHP Ricky de la Rosa
|
|
Pitching: RHP Ricky de la Rosa
|
|
|
Batting: RHB Toki Takeuchi
|
0-0: Foul Ball, location: 2F 0-1: Bunt missed! 0-2: Strikes out looking
|
|
Batting: LHB Kelvin Jones
|
0-0: Ball 1-0: Ball 2-0: Called Strike 2-1: Ball 3-1: Base on Balls
|
|
Batting: RHB Freddie Brown
|
0-0: Called Strike 0-1: Ball 1-1: Foul Ball, location: 2F 1-2: Fly out, F5 (Popup, 5SF, EV 81.9 MPH)
|
|
Batting: RHB Steve Moore
|
0-0: Called Strike 0-1: Called Strike Kelvin Jones steals 2nd base 0-2: Strikes out looking
|
| Bottom of the 1st over - 0 runs, 0 hits, 0 errors, 1 left on base; Boise 1 - Cincinnati (NYP) 0 |
| TOP OF THE 2ND |
|
Boise Hawks batting - Pitching for Cincinnati (NYP) Reds : RHP Gilbert Paparelli
|
|
Batting: RHB Seisaburo Edagawa
|
0-0: Called Strike 0-1: Ball 1-1: Ground out U3 (Groundball, 34, EV 100.6 MPH)
|
|
Batting: RHB Kevin McKasson
|
0-0: Swinging Strike 0-1: Ball 1-1: Swinging Strike 1-2: Fly out, F9 (Line Drive, 89M, EV 100.0 MPH)
|
|
Batting: RHB Bob Hayes
|
0-0: Called Strike 0-1: Ball 1-1: Ball 2-1: Ball 3-1: Base on Balls
|
|
Batting: SHB Justin Jackson
|
0-0: Foul Ball, location: 2F 0-1: Ball Bob Hayes steals 2nd, throwing error, E2 Bob Hayes to third 1-1: Foul Ball, location: 2F 1-2: Foul Ball, location: 2F 1-2: Ground out 4-3 (Groundball, 4, EV 85.6 MPH)
|
| Top of the 2nd over - 0 runs, 0 hits, 1 error, 1 left on base; Boise 1 - Cincinnati (NYP) 0 |
| BOTTOM OF THE 2ND |
|
Cincinnati (NYP) Reds batting - Pitching for Boise Hawks : RHP Ricky de la Rosa
|
|
Batting: LHB Fernando Gomez
|
0-0: Ball 1-0: Ball 2-0: DOUBLE (Line Drive, 7LM, EV 103.8 MPH)
|
|
Batting: LHB Martin Koka
|
0-0: Ball Fernando Gomez steals 3rd base 1-0: Ball 2-0: Called Strike 2-1: Swinging Strike 2-2: Strikes out swinging
|
|
Batting: RHB Ch'ang-chieh Hsia
|
0-0: Ball 1-0: Foul Ball, location: 2F 1-1: Ball 2-1: Swinging Strike 2-2: Reached on error, E4 (Groundball, 4, EV 103.1 MPH) Fernando Gomez scores
|
|
Batting: RHB Yutaka Sato
|
0-0: Called Strike 0-1: Ball 1-1: Swinging Strike 1-2: Strikes out swinging
|
|
Batting: LHB Alex Ramos
|
0-0: Ball 1-0: Ball 2-0: Called Strike 2-1: Ball 3-1: Base on Balls Ch'ang-chieh Hsia to second
|
|
Batting: RHB Toki Takeuchi
|
0-0: Called Strike 0-1: Fly out, F4 (Popup, 4, EV 65.0 MPH)
|
| Bottom of the 2nd over - 1 run, 1 hit, 1 error, 2 left on base; Boise 1 - Cincinnati (NYP) 1 |
| TOP OF THE 3RD |
|
Boise Hawks batting - Pitching for Cincinnati (NYP) Reds : RHP Gilbert Paparelli
|
|
Batting: SHB Clayton Saunders
|
0-0: Swinging Strike 0-1: Foul Ball, location: 2F 0-2: Hit by Pitch
|
|
Batting: RHB Ryan Ward
|
0-0: Called Strike 0-1: Ball 1-1: Foul Ball, location: 2F 1-2: SINGLE (Groundball, 6MS, EV 71.2 MPH) (infield hit) Clayton Saunders to second
|
|
Batting: RHB Andy Rayer
|
0-0: Called Strike 0-1: SINGLE (Flyball, 7LS, EV 86.2 MPH) Clayton Saunders to third Ryan Ward to second
|
|
Batting: RHB Dan Hoffman
|
0-0: Ball 1-0: Swinging Strike 1-1: Fly out, F9 (Flyball, 9LS, EV 78.1 MPH)
|
|
Batting: RHB Keith Giarratano
|
0-0: Called Strike 0-1: Swinging Strike 0-2: Strikes out looking
|
|
Batting: RHB Seisaburo Edagawa
|
0-0: Ball 1-0: Fly out, F8 (Flyball, 8RD, EV 90.0 MPH)
|
| Top of the 3rd over - 0 runs, 2 hits, 0 errors, 3 left on base; Boise 1 - Cincinnati (NYP) 1 |
| BOTTOM OF THE 3RD |
|
Cincinnati (NYP) Reds batting - Pitching for Boise Hawks : RHP Ricky de la Rosa
|
|
Batting: LHB Kelvin Jones
|
0-0: Ball 1-0: Ball 2-0: Ball 3-0: Base on Balls
|
|
Batting: RHB Freddie Brown
|
0-0: Ball 1-0: Called Strike Kelvin Jones steals 2nd base 1-1: Ball 2-1: Fly out, F7 (Flyball, 7, EV 90.0 MPH)
|
|
Batting: RHB Steve Moore
|
0-0: Ball 1-0: Called Strike 1-1: Called Strike 1-2: Ball 2-2: Ball 3-2: SINGLE (Line Drive, 8RS, EV 95.0 MPH) Kelvin Jones to third Runner from 3rd tries for Home, SAFE, throw by CF to home
|
|
Batting: LHB Fernando Gomez
|
0-0: Ball 1-0: Swinging Strike 1-1: Ball 2-1: Fly out, F7 (Line Drive, 7, EV 88.1 MPH)
|
|
Batting: LHB Martin Koka
|
0-0: Called Strike 0-1: Called Strike 0-2: Strikes out swinging
|
| Bottom of the 3rd over - 1 run, 1 hit, 0 errors, 1 left on base; Boise 1 - Cincinnati (NYP) 2 |
| TOP OF THE 4TH |
|
Boise Hawks batting - Pitching for Cincinnati (NYP) Reds : RHP Gilbert Paparelli
|
|
Batting: RHB Kevin McKasson
|
0-0: Ball 1-0: Ball 2-0: Ball 3-0: Called Strike 3-1: Foul Ball, location: 2F 3-2: Ground out 6-3 (Groundball, 6, EV 100.6 MPH)
|
|
Batting: RHB Bob Hayes
|
0-0: Ball 1-0: Swinging Strike 1-1: Swinging Strike 1-2: Foul Ball, location: 2F 1-2: Foul Ball, location: 2F 1-2: Ball 2-2: Strikes out swinging
|
|
Batting: SHB Justin Jackson
|
0-0: Ball 1-0: Swinging Strike 1-1: Ball 2-1: Foul Ball, location: 2F 2-2: Foul Ball, location: 2F 2-2: Ball 3-2: Strikes out swinging
|
| Top of the 4th over - 0 runs, 0 hits, 0 errors, 0 left on base; Boise 1 - Cincinnati (NYP) 2 |
| BOTTOM OF THE 4TH |
|
Cincinnati (NYP) Reds batting - Pitching for Boise Hawks : RHP Ricky de la Rosa
|
|
Batting: RHB Ch'ang-chieh Hsia
|
0-0: Called Strike 0-1: Ball 1-1: Ball 2-1: Ball 3-1: Base on Balls
|
|
Batting: RHB Yutaka Sato
|
0-0: Called Strike 0-1: Ball 1-1: Swinging Strike 1-2: Strikes out looking
|
|
Batting: LHB Alex Ramos
|
0-0: Ball 1-0: Ball 2-0: Ball 3-0: Called Strike 3-1: Swinging Strike 3-2: Fielders Choice at 2nd, 5-4 (Groundball, 5, EV 83.8 MPH)
|
|
Batting: RHB Toki Takeuchi
|
0-0: Called Strike 0-1: Swinging Strike 0-2: Ball 1-2: Foul Ball, location: 2F 1-2: SINGLE (Groundball, 6MD, EV 100.0 MPH) Alex Ramos to second Runner from 2nd tries for 3rd, SAFE, no throw by CF
|
|
Pitching: RHP David Landa
|
|
|
Batting: LHB Kelvin Jones
|
0-0: Called Strike Toki Takeuchi steals 2nd base 0-1: Foul Ball, location: 2F 0-2: Foul Ball, location: 2F 0-2: Ball 1-2: Ball 2-2: Ground out 6-3 (Groundball, 4MD, EV 85.0 MPH)
|
| Bottom of the 4th over - 0 runs, 1 hit, 0 errors, 2 left on base; Boise 1 - Cincinnati (NYP) 2 |
| TOP OF THE 5TH |
|
Boise Hawks batting - Pitching for Cincinnati (NYP) Reds : RHP Gilbert Paparelli
|
|
Batting: SHB Clayton Saunders
|
0-0: Fly out, F8 (Flyball, 8RD, EV 91.2 MPH)
|
|
Batting: RHB Ryan Ward
|
0-0: Called Strike 0-1: Ball 1-1: Called Strike 1-2: Foul Ball, location: 2F 1-2: Ball 2-2: Ground out U3 (Groundball, 3, EV 88.8 MPH)
|
|
Batting: RHB Andy Rayer
|
0-0: Ball 1-0: Called Strike 1-1: Swinging Strike 1-2: Foul Ball, location: 2F 1-2: Ball 2-2: TRIPLE (Flyball, 89XD, EV 105.6 MPH)
|
|
Batting: RHB Dan Hoffman
|
0-0: Ball 1-0: Ball 2-0: Called Strike 2-1: Ball 3-1: Foul Ball, location: 2F 3-2: Base on Balls
|
|
Batting: RHB Keith Giarratano
|
0-0: Ball 1-0: Ball 2-0: Called Strike 2-1: Foul Ball, location: 2F 2-2: Fielders Choice at 2nd, 6-4 (Groundball, 6, EV 100.0 MPH)
|
| Top of the 5th over - 0 runs, 1 hit, 0 errors, 2 left on base; Boise 1 - Cincinnati (NYP) 2 |
| BOTTOM OF THE 5TH |
|
Cincinnati (NYP) Reds batting - Pitching for Boise Hawks : RHP David Landa
|
|
Batting: RHB Freddie Brown
|
0-0: Called Strike 0-1: Ground out 4-3 (Groundball, 4S, EV 82.5 MPH)
|
|
Batting: RHB Steve Moore
|
0-0: Called Strike 0-1: Foul Ball, location: 2F 0-2: Ball 1-2: Ball 2-2: Ball 3-2: Strikes out looking
|
|
Batting: LHB Fernando Gomez
|
0-0: SINGLE (Flyball, 56D, EV 85.6 MPH)
|
|
Batting: LHB Martin Koka
|
0-0: Ball Fernando Gomez steals 2nd base 1-0: Ball Wild Pitch! Fernando Gomez to third 2-0: Foul Ball, location: 2F 2-1: Swinging Strike 2-2: Strikes out swinging
|
| Bottom of the 5th over - 0 runs, 1 hit, 0 errors, 1 left on base; Boise 1 - Cincinnati (NYP) 2 |
| TOP OF THE 6TH |
|
Boise Hawks batting - Pitching for Cincinnati (NYP) Reds : RHP Gilbert Paparelli
|
|
Pitching: RHP Toby Riley
|
|
|
Batting: RHB Seisaburo Edagawa
|
0-0: Called Strike 0-1: Foul Ball, location: 2F 0-2: Ball 1-2: Foul Ball, location: 2F 1-2: Ball 2-2: Ball 3-2: Strikes out swinging
|
|
Batting: RHB Kevin McKasson
|
0-0: Foul Ball, location: 2F 0-1: Ball 1-1: Ball 2-1: Swinging Strike 2-2: SINGLE (Groundball, 34D, EV 96.9 MPH)
|
|
Batting: RHB Bob Hayes
|
0-0: Ball 1-0: Ball 2-0: Ball 3-0: Base on Balls Kevin McKasson to second
|
|
Batting: SHB Justin Jackson
|
0-0: Called Strike 0-1: Fielders Choice at 2nd, 2-4 (Groundball, 2L, EV 65.0 MPH) Kevin McKasson to third
|
|
Batting: SHB Clayton Saunders
|
0-0: Called Strike 0-1: Ball 1-1: Ball 2-1: Swinging Strike 2-2: Foul Ball, location: 2F 2-2: Ball 3-2: Foul Ball, location: 2F 3-2: Foul Ball, location: 2F 3-2: SINGLE (Groundball, 6D, EV 105.6 MPH) Kevin McKasson scores Justin Jackson to second Justin Jackson to third
|
|
Batting: RHB Ryan Ward
|
0-0: Hit by Pitch Clayton Saunders to second
|
|
Batting: RHB Andy Rayer
|
0-0: SINGLE (Line Drive, 9S, EV 93.1 MPH) Justin Jackson scores Clayton Saunders to third Ryan Ward to second Runner from 3rd tries for Home, SAFE, throw by RF to home
|
|
Pitching: LHP Brett Grijalva
|
|
|
Batting: RHB Dan Hoffman
|
0-0: Called Strike 0-1: Swinging Strike 0-2: Fielders Choice at 2nd, 6-4 (Groundball, 6, EV 86.9 MPH)
|
| Top of the 6th over - 3 runs, 3 hits, 0 errors, 2 left on base; Boise 4 - Cincinnati (NYP) 2 |
| BOTTOM OF THE 6TH |
|
Cincinnati (NYP) Reds batting - Pitching for Boise Hawks : RHP David Landa
|
|
Batting: RHB Ch'ang-chieh Hsia
|
0-0: Ball 1-0: Ball 2-0: SINGLE (Groundball, 34D, EV 100.6 MPH)
|
|
Pinch Hitting: RHB Andy Bachman
|
0-0: Ball 1-0: Swinging Strike 1-1: Foul Ball, location: 2F 1-2: Hit by Pitch Ch'ang-chieh Hsia to second
|
|
Batting: LHB Alex Ramos
|
0-0: Foul Ball, location: 2F 0-1: Ball 1-1: Called Strike 1-2: Strikes out looking
|
|
Batting: RHB Toki Takeuchi
|
0-0: Ball 1-0: Ball 2-0: Foul Ball, location: 2F 2-1: SINGLE (Line Drive, 78S, EV 90.0 MPH) Ch'ang-chieh Hsia to third Andy Bachman to second
|
|
Batting: LHB Kelvin Jones
|
0-0: Ball 1-0: Ball 2-0: Ball 3-0: Base on Balls Ch'ang-chieh Hsia scores Andy Bachman to third Toki Takeuchi to second
|
|
Batting: RHB Freddie Brown
|
0-0: Ball 1-0: Called Strike 1-1: Swinging Strike 1-2: Ball 2-2: Foul Ball, location: 2F 2-2: Grounds into fielders choice 5-2 (Groundball, 56S, EV 68.1 MPH) Toki Takeuchi to third Kelvin Jones to second
|
|
Pitching: RHP Gorgonio Sigua
|
|
|
Batting: RHB Steve Moore
|
0-0: Called Strike 0-1: Ball 1-1: Called Strike 1-2: Strikes out swinging
|
| Bottom of the 6th over - 1 run, 2 hits, 0 errors, 3 left on base; Boise 4 - Cincinnati (NYP) 3 |
| TOP OF THE 7TH |
|
Boise Hawks batting - Pitching for Cincinnati (NYP) Reds : LHP Brett Grijalva
|
|
Now at 2B: Andy Bachman
|
|
|
Now at 3B: Steve Moore
|
|
|
Batting: RHB Keith Giarratano
|
0-0: Foul Ball, location: 2F 0-1: Called Strike 0-2: Ball 1-2: Ball 2-2: Foul Ball, location: 2F 2-2: Foul Ball, location: 2F 2-2: SOLO HOME RUN (Line Drive, 7D, EV 98.1 MPH), Distance : 392 ft
|
|
Batting: RHB Seisaburo Edagawa
|
0-0: Ball 1-0: Swinging Strike 1-1: Ball 2-1: Fly out, F9 (Flyball, 89M, EV 83.8 MPH)
|
|
Batting: RHB Kevin McKasson
|
0-0: Ball 1-0: Called Strike 1-1: Ball 2-1: Ball 3-1: Ground out U3 (Groundball, 34, EV 99.4 MPH)
|
|
Batting: RHB Bob Hayes
|
0-0: Swinging Strike 0-1: Ball 1-1: Reached on error, E4 (Groundball, 4M, EV 85.0 MPH)
|
|
Batting: SHB Justin Jackson
|
0-0: Called Strike 0-1: Ball 1-1: Swinging Strike 1-2: Fielders Choice at 2nd, 5-4 (Groundball, 56, EV 86.9 MPH)
|
| Top of the 7th over - 1 run, 1 hit, 1 error, 1 left on base; Boise 5 - Cincinnati (NYP) 3 |
| BOTTOM OF THE 7TH |
|
Cincinnati (NYP) Reds batting - Pitching for Boise Hawks : RHP Gorgonio Sigua
|
|
Batting: LHB Fernando Gomez
|
0-0: Ball 1-0: SINGLE (Groundball, 34D, EV 104.4 MPH)
|
|
Batting: LHB Martin Koka
|
0-0: Called Strike Fernando Gomez is caught stealing 2nd base 2-6 0-1: TRIPLE (Flyball, 89XD, EV 96.2 MPH)
|
|
Batting: RHB Ch'ang-chieh Hsia
|
0-0: Ball 1-0: Ball 2-0: Ball 3-0: Called Strike 3-1: Base on Balls
|
|
Batting: RHB Andy Bachman
|
0-0: SINGLE (Line Drive, 6D, EV 99.4 MPH) Martin Koka scores Ch'ang-chieh Hsia to second
|
|
Pinch Hitting: LHB Cesar Arteaga
|
0-0: Swinging Strike 0-1: Fly out, F8 (Flyball, 8RD, EV 93.1 MPH)
|
|
Batting: RHB Toki Takeuchi
|
0-0: Ball 1-0: Called Strike 1-1: Ball 2-1: Ball 3-1: Bunted foul 3-2: Fly out, F5 (Line Drive, 5, EV 67.5 MPH)
|
| Bottom of the 7th over - 1 run, 3 hits, 0 errors, 2 left on base; Boise 5 - Cincinnati (NYP) 4 |
| TOP OF THE 8TH |
|
Boise Hawks batting - Pitching for Cincinnati (NYP) Reds : LHP Brett Grijalva
|
|
Now at 1B: Cesar Arteaga
|
|
|
Batting: SHB Clayton Saunders
|
0-0: Ball 1-0: Ball 2-0: Ball 3-0: Base on Balls
|
|
Batting: RHB Ryan Ward
|
0-0: Ball 1-0: Bunted foul 1-1: Sac Bunt to 5S - play at first, batter OUT! 5-3 Clayton Saunders to second
|
|
Batting: RHB Andy Rayer
|
0-0: Intentional Walk
|
|
Batting: RHB Dan Hoffman
|
0-0: Foul Ball, location: 2F 0-1: Foul Ball, location: 2F 0-2: Ball 1-2: Strikes out swinging
|
|
Batting: RHB Keith Giarratano
|
0-0: Called Strike 0-1: Foul Ball, location: 2F 0-2: Ball 1-2: Strikes out swinging
|
| Top of the 8th over - 0 runs, 0 hits, 0 errors, 2 left on base; Boise 5 - Cincinnati (NYP) 4 |
| BOTTOM OF THE 8TH |
|
Cincinnati (NYP) Reds batting - Pitching for Boise Hawks : RHP Gorgonio Sigua
|
|
Batting: LHB Kelvin Jones
|
0-0: Called Strike 0-1: Foul Ball, location: 2F 0-2: Fly out, F8 (Flyball, 8LM, EV 86.2 MPH)
|
|
Batting: RHB Freddie Brown
|
0-0: Ball 1-0: Ball 2-0: Swinging Strike 2-1: Foul Ball, location: 2F 2-2: Ball 3-2: SINGLE (Line Drive, 9LD, EV 103.8 MPH)
|
|
Pitching: RHP Zi-cheng Zhou
|
|
|
Batting: RHB Steve Moore
|
0-0: Called Strike 0-1: Called Strike 0-2: Ground out 5-3 (Groundball, 56, EV 99.4 MPH) Freddie Brown to second
|
|
Batting: LHB Fernando Gomez
|
0-0: Called Strike 0-1: Ball 1-1: Ball 2-1: SINGLE (Groundball, 4MD, EV 108.1 MPH) (infield hit) Freddie Brown to third
|
|
Batting: LHB Martin Koka
|
0-0: Ball 1-0: Ball 2-0: Ball 3-0: Called Strike 3-1: Base on Balls Fernando Gomez to second
|
|
Batting: RHB Ch'ang-chieh Hsia
|
0-0: Ball 1-0: SINGLE (Groundball, 6D, EV 97.5 MPH) Freddie Brown scores Fernando Gomez to third Martin Koka to second Runner from 3rd tries for Home, SAFE, throw by LF to home
|
|
Batting: RHB Andy Bachman
|
0-0: Ball 1-0: Ball 2-0: Fly out, F8 (Flyball, 8RXD, EV 106.9 MPH)
|
| Bottom of the 8th over - 2 runs, 3 hits, 0 errors, 2 left on base; Boise 5 - Cincinnati (NYP) 6 |
| TOP OF THE 9TH |
|
Boise Hawks batting - Pitching for Cincinnati (NYP) Reds : LHP Brett Grijalva
|
|
Pitching: RHP Guang Jue
|
|
|
Now at 1B: Dave Ruiz
|
|
|
Now at 3B: Adrian Billups
|
|
|
Now in LF: Badr al Din Ridha
|
|
|
Batting: RHB Seisaburo Edagawa
|
0-0: Ball 1-0: SINGLE (Line Drive, 9S, EV 95.0 MPH)
|
|
Batting: RHB Kevin McKasson
|
0-0: Ball 1-0: Sac Bunt to P - play at first, batter OUT! 1-3 Seisaburo Edagawa to second
|
|
Batting: RHB Bob Hayes
|
0-0: Ball 1-0: Ball 2-0: Called Strike 2-1: SINGLE (Groundball, 6MD, EV 94.4 MPH) Seisaburo Edagawa to third Runner from 3rd tries for Home, SAFE, throw by CF to home
|
|
Batting: SHB Justin Jackson
|
0-0: Called Strike 0-1: Ball 1-1: Foul Ball, location: 2F 1-2: Ball 2-2: Foul Ball, location: 2F 2-2: Foul Ball, location: 2F 2-2: Ball 3-2: Fly out, F7 (Flyball, 78S, EV 80.6 MPH)
|
|
Batting: SHB Clayton Saunders
|
0-0: Ball Bob Hayes steals 2nd base 1-0: Called Strike 1-1: Ball 2-1: Foul Ball, location: 2F 2-2: Ball 3-2: SINGLE (Groundball, 3D, EV 106.9 MPH) Bob Hayes to third Runner from 3rd tries for Home, SAFE, throw by RF to home
|
|
Batting: RHB Ryan Ward
|
0-0: Ball Clayton Saunders steals 2nd base 1-0: 2-RUN HOME RUN (Flyball, 7D, EV 97.5 MPH), Distance : 386 ft
|
|
Pitching: RHP Kevin Nabity
|
|
|
Batting: RHB Andy Rayer
|
0-0: Called Strike 0-1: Foul Ball, location: 2F 0-2: Ball 1-2: Ball 2-2: Foul Ball, location: 2F 2-2: Foul Ball, location: 2F 2-2: DOUBLE (Line Drive, 7LS, EV 99.4 MPH)
|
|
Batting: RHB Dan Hoffman
|
0-0: Foul Ball, location: 2F 0-1: Foul Ball, location: 2F 0-2: Ball 1-2: Ball 2-2: Foul Ball, location: 2F 2-2: Foul Ball, location: 2F 2-2: Fly out, F7 (Flyball, 7S, EV 84.4 MPH)
|
| Top of the 9th over - 4 runs, 5 hits, 0 errors, 1 left on base; Boise 9 - Cincinnati (NYP) 6 |
| BOTTOM OF THE 9TH |
|
Cincinnati (NYP) Reds batting - Pitching for Boise Hawks : RHP Zi-cheng Zhou
|
|
Pitching: RHP Befikadu Mthuthuzeli
|
|
|
Batting: RHB Dave Ruiz
|
0-0: Ball 1-0: Ball 2-0: Ball 3-0: Base on Balls
|
|
Batting: RHB Toki Takeuchi
|
0-0: Fly out, F4 (Line Drive, 4, EV 67.5 MPH)
|
|
Batting: LHB Kelvin Jones
|
0-0: Ball 1-0: Foul Ball, location: 2F 1-1: Called Strike 1-2: Foul Ball, location: 2F 1-2: Fly out, F8 (Line Drive, 8LD, EV 88.1 MPH)
|
|
Batting: RHB Freddie Brown
|
0-0: Called Strike 0-1: Ball 1-1: Foul Ball, location: 2F 1-2: Ball 2-2: Ball 3-2: Base on Balls Dave Ruiz to second
|
|
Batting: RHB Badr al Din Ridha
|
0-0: Foul Ball, location: 2F 0-1: Ball 1-1: Called Strike 1-2: Strikes out swinging
|
| Bottom of the 9th over - 0 runs, 0 hits, 0 errors, 2 left on base; Boise 9 - Cincinnati (NYP) 6 |
|